Map: Orbital Shipyard

Players

ILLBdA

  • Race: Protoss Protoss
  • League: Diamond

llllllllllll - Winner!

  • Race: Terran Terran
  • League: Diamond

VOD

Have the link to the VOD?

Description

Time

  • Played on: Dec. 11, 2015, 8:24 a.m.
  • Length: 10:38
Show
View Real Time Build Order
Export as new Build Order

ILLBdA Protoss 

Build Orders: Nexus First 

Get SALT Encoding   

  12  0:00  Probe (Chrono Boost)  
  13  0:11  Probe (Chrono Boost)  
  14  0:18  Pylon  
  14  0:23  Probe (Chrono Boost)  
  15  0:36  Probe (Chrono Boost)  
  16  0:48  Probe (Chrono Boost)  
  17  0:58  Nexus  
  17  1:10  Gateway  
  18  1:11  Probe (Chrono Boost)  
  18  1:23  Assimilator  
  18  1:27  Assimilator  
  18  1:29  Pylon  
  18  1:31  Probe (Chrono Boost)  
  19  1:43  Probe (Chrono Boost)  
  20  1:53  Probe (Chrono Boost)  
  21  1:56  Cybernetics Core  
  21  1:58  Zealot  
  23  2:04  Probe (Chrono Boost)  
  24  2:10  Probe (Chrono Boost)  
  24  2:15  Probe (Chrono Boost)  
  26  2:21  Probe (Chrono Boost)  
  27  2:25  Probe (Chrono Boost)  
  28  2:31  Probe (Chrono Boost)  
  28  2:32  Adept  
  28  2:35  Probe (Chrono Boost)  
  32  2:40  Probe  
  32  2:41  Warp Gate (Chrono Boost)  
  31  2:47  Mothership Core  
  33  2:52  Probe  
  34  3:01  Robotics Facility  
  34  3:03  Probe  
  35  3:08  Probe  
  35  3:12  Stalker  
  38  3:14  Probe  
  39  3:20  Probe  
  39  3:24  Probe  
  41  3:28  Pylon  
  41  3:32  Probe  
  42  3:35  Probe  
  43  3:48  Warp Prism  
  43  3:54  Gateway x2  
  43  3:55  Gateway  
  45  3:57  Gateway  
  45  4:00  Sentry  
  47  4:06  Pylon  
  47  4:14  Gateway  
  47  4:15  Gateway  
  47  4:33  Probe (Chrono Boost)  
  47  4:35  Observer  
  49  4:56  Immortal  
  49  4:59  Adept x4  
  59  5:27  Zealot  
  59  5:28  Zealot x2  
  57  5:33  Robotics Bay  
  51  5:39  Immortal  
  51  5:42  Assimilator  
  55  5:47  Nexus, Pylon, Assimilator  
  55  5:51  Twilight Council  
  56  5:57  Probe  
  56  6:00  Pylon  
  56  6:02  Forge x2  
  56  6:03  Pylon  
  56  6:15  Sentry x2  
  56  6:16  Adept x2  
  64  6:19  Resonating Glaives (Chrono Boost)  
  64  6:31  Probe  
  65  6:35  Probe  
  66  6:43  Probe  
  66  6:44  Disruptor (Chrono Boost)  
  70  6:48  Zealot x6  
  82  6:58  Probe  
  82  6:59  Probe  
  82  7:00  Probe  
  85  7:09  Probe  
  85  7:12  Probe x2  
  91  7:15  Templar Archives, Disruptor (Chrono Boost)  
  91  7:19  Adept x2  
  95  7:24  Probe x2  
  95  7:25  Assimilator  
  95  7:29  Pylon  
  97  7:31  Assimilator, Gravitic Drive (Chrono Boost)  
  97  7:37  Adept  
  97  7:38  Adept  
  101  7:44  Psionic Storm, Pylon  
  101  7:51  Pylon  
  101  7:57  Adept  
  103  8:04  Stalker  
  103  8:08  Stalker x2  
  95  8:19  Observer  
  88  8:20  Adept x2  
  82  8:40  Observer  
  81  8:44  Stalker  
  81  8:45  Stalker x2  
  81  9:02  High Templar x2  
  85  9:05  Zealot x2  
  89  9:12  Probe  
  89  9:13  Probe  
  89  9:14  Probe  
  92  9:20  Adept  
  92  9:21  Adept x2  
  92  9:23  Zealot  
  100  9:26  Probe  
  101  9:35  High Templar x2  
  105  9:43  Observer  
  97  9:54  Adept x3  
  97  9:56  Adept x2  
  109  10:07  Stalker x2  
  111  10:14  Stalker  
  113  10:27  Stalker x3  
  113  10:28  Stalker  
Show
View Real Time Build Order
Export as new Build Order

llllllllllll Terran - Winner!

Build Orders: Reaper Expand, MMM Bio 

Get SALT Encoding   

  12  0:01  SCV  
  13  0:13  SCV  
  14  0:17  Supply Depot  
  14  0:25  SCV  
  15  0:39  SCV  
  15  0:42  Barracks  
  16  0:45  Refinery  
  16  0:51  SCV  
  17  1:03  SCV  
  18  1:15  SCV  
  19  1:28  Orbital Command  
  19  1:29  Reaper  
  20  1:40  Command Center  
  20  1:50  Supply Depot  
  20  1:54  SCV  
  21  2:02  Barracks Reactor  
  21  2:06  SCV  
  22  2:18  SCV  
  23  2:24  Factory  
  23  2:30  SCV  
  24  2:42  Command Center, SCV  
  24  2:43  Marine x2  
  26  2:52  Orbital Command  
  26  3:01  Marine x2  
  26  3:04  Bunker  
  28  3:07  Factory Tech Lab  
  28  3:11  SCV  
  29  3:17  Barracks  
  29  3:23  SCV x2  
  31  3:29  Cyclone  
  31  3:30  Marine  
  31  3:31  Marine  
  35  3:44  SCV  
  35  3:45  SCV  
  37  3:50  Refinery, Barracks  
  37  3:54  Orbital Command  
  37  3:57  SCV x2  
  37  3:59  Refinery  
  39  4:04  Engineering Bay  
  39  4:09  Marine  
  39  4:10  Marine x2  
  39  4:14  Siege Tank  
  45  4:19  SCV  
  45  4:20  SCV x2  
  48  4:31  SCV  
  48  4:32  SCV  
  48  4:33  Barracks Tech Lab, Marine x2  
  48  4:37  Marine  
  53  4:39  SCV  
  53  4:43  Terran Infantry Weapons Level 1, SCV  
  53  4:44  SCV  
  56  4:51  Stimpack  
  56  4:58  Factory Reactor  
  56  5:00  SCV x2  
  56  5:04  Supply Depot  
  56  5:05  Supply Depot  
  58  5:07  Supply Depot  
  58  5:09  Marine x3  
  58  5:13  Starport  
  61  5:16  Marine  
  61  5:25  SCV x2  
  60  5:30  Marine x2  
  60  5:31  Orbital Command  
  62  5:37  Combat Shields, SCV x2  
  62  5:41  Refinery  
  64  5:49  SCV x2  
  66  5:52  Factory Reactor  
  66  5:54  Supply Depot  
  66  5:56  Supply Depot  
  66  5:57  Supply Depot  
  66  5:58  SCV, Supply Depot  
  66  6:01  SCV x2  
  66  6:02  Medivac x2  
  73  6:10  SCV  
  74  6:14  Refinery  
  74  6:19  SCV x2  
  74  6:22  SCV  
  55  6:25  Liberator x2  
  77  6:27  Missile Turret  
  77  6:31  Missile Turret  
  77  6:36  Missile Turret  
  77  6:37  Terran Infantry Armor Level 1  
  77  6:38  Missile Turret  
  77  6:40  Marauder x2, Marine x2  
  77  6:43  Widow Mine  
  77  6:45  Widow Mine  
  93  6:53  SCV x2  
  93  6:54  SCV  
  96  6:59  Refinery  
  96  7:02  Missile Turret  
  96  7:05  SCV x2, Missile Turret  
  96  7:06  SCV  
  96  7:08  Liberator x2  
  99  7:14  Supply Depot x2  
  99  7:17  SCV x2  
  99  7:18  Supply Depot, SCV  
  99  7:22  Missile Turret  
  102  7:25  Widow Mine x2  
  102  7:26  Marauder x2, Marine  
  117  7:36  SCV, Marine  
  119  7:39  SCV  
  119  7:40  SCV  
  119  7:44  Marine  
  121  7:45  Command Center  
  121  7:48  SCV, Supply Depot, Marauder x2  
  121  7:49  Supply Depot  
  127  7:51  Concussive Shells  
  127  7:53  Supply Depot, Marine  
  128  8:00  Liberator x2  
  128  8:05  Marine  
  125  8:09  Marauder x2  
  125  8:11  Marine  
  129  8:13  Widow Mine x2  
  130  8:23  Marine  
  119  8:30  Marauder x2  
  113  8:36  Marine  
  113  8:41  Marine  
  112  8:46  SCV  
  112  8:47  Widow Mine x2  
  117  8:51  Barracks, Liberator x2  
  117  8:52  Barracks, Marauder x2  
  117  8:54  Barracks  
  121  8:57  Armory, Engineering Bay  
  121  8:58  SCV  
  122  9:09  Marine x2  
  130  9:13  Marauder x2  
  134  9:20  Widow Mine x2  
  138  9:27  Marine  
  139  9:35  Marauder x2  
  143  9:44  Marine  
  143  9:45  Barracks Reactor  
  144  9:48  Widow Mine x2  
  144  9:56  Marauder x2  
  144  9:59  Marine  
  145  10:02  Barracks Tech Lab x2, Marine  
  145  10:07  Ghost Academy  
  142  10:17  Marine  
  142  10:20  Marine  
Tags
 
Add a new tag
Caveats
  • Supply blocks, unpowered buildings, or Contaminate may cause inaccurate times.
  • Supply counts are checked every 10 seconds.